 Dungeon Crawl Stone Soup version 0.30-a0-939-gc8157cb160 (webtiles) character file.

Game seed: 18307534895572676508

28 greasedhog the Trooper (level 3, -1/41 HPs)
             Began as an Ogre Fighter on Mar 26, 2023.
             Slain by Natasha (5 damage)
             ... on level 2 of the Dungeon.
             The game lasted 00:01:08 (1004 turns).

greasedhog the Trooper (Ogre Fighter)               Turns: 1004, Time: 00:01:08

Health: -1/41      AC:  4    Str: 22    XL:     3   Next: 14%
Magic:  3/3        EV:  8    Int:  9    God:
Gold:   86         SH:  7    Dex:  8    Spells: 2/2 levels left

rFire   . . .      SeeInvis .    a - +0 flail
rCold   . . .      Faith    .    c - +0 kite shield
rNeg    . . .      Spirit   .    b - +0 robe
rPois   .          Reflect  .    (helmet restricted)
rElec   .          Rampage  .    l - +0 cloak
rCorr   .                        (gloves unavailable)
Will    .....                    (boots unavailable)
Stlth   +                        (no amulet)
HPRegen 0.26/turn                (no ring)
MPRegen 0.08/turn                (no ring)

@: no status effects
A: large, unfitting armour, tough skin 1
a: no special abilities


You were on level 2 of the Dungeon.
You visited 1 branch of the dungeon, and saw 2 of its levels.

You collected 86 gold pieces.

Inventory:

Hand Weapons
 a - a +0 flail (weapon)
Missiles
 j - 6 silver boomerangs (quivered)
Armour
 b - a +0 robe (worn)
 c - a +0 kite shield (worn)
 l - a +0 cloak (worn)
Jewellery
 h - a ring of positive energy
Scrolls
 e - a scroll of teleportation {unknown}
 f - a scroll of identify {unknown}
 i - a scroll of magic mapping {unknown}
 m - a scroll of poison {unknown}
Potions
 d - a potion of might
 g - 3 potions of heal wounds {unknown}
 k - a potion of haste {unknown}
 n - a potion of berserk rage {unknown}


   Skills:
 * Level 4.8 Fighting
 * Level 2.5 Maces & Flails
 - Level 2.6 Dodging
 - Level 3.0 Shields


You had 2 spell levels left.
You didn't know any spells.
Your spell library was empty.

Dungeon Overview and Level Annotations

Branches:
Dungeon (2/15)

Altars:

Annotations:
D:2 Natasha


Innate Abilities, Weirdness & Mutations

You are too large for most types of armour.
You have tough skin. (AC +1)


Message History

You sock the white imp!
You kill the white imp!
The white imp disappears in a puff of smoke!
You block the crimson imp's attack.
Natasha casts a spell.
The crimson imp hits you but does no damage.
Natasha claws you but does no damage.
The crimson imp hits you but does no damage.
You closely miss Natasha. Natasha claws you but does no damage.
The crimson imp blinks!
The crimson imp barely misses you.
You hit Natasha.
Natasha is lightly wounded.
Natasha claws you.
The crimson imp shouts, "Escape, thou ducking moon-mazed slime mould!"
The crimson imp closely misses you. You block Natasha's attack.
The crimson imp grinds its teeth.
You closely miss Natasha.
Natasha is lightly wounded.
The crimson imp hits you but does no damage.
You block Natasha's attack.
The crimson imp shouts, "Remove thy stench, thou foppish limp-willed pigeon-egg!"
The crimson imp hits you.
* * * LOW HITPOINT WARNING * * *
You closely miss Natasha.
Natasha is lightly wounded.
Natasha stares at you and mumbles some strange words.
You resist with some effort. The crimson imp hits you.
* * * LOW HITPOINT WARNING * * *
You block Natasha's attack.
You hit Natasha.
Natasha is heavily wounded.
The crimson imp blinks!
Natasha claws you.
* * * LOW HITPOINT WARNING * * *
The crimson imp hits you.
* * * LOW HITPOINT WARNING * * *
You block the crimson imp's attack.
You completely miss Natasha.
Natasha is heavily wounded.
Natasha claws you.
You die...

........### ........# .# ##
..#. ........# #.. .# ....
........# #..## .# .....
........# #.... .#####....#
######### #..##.##...h...#
#...#.#.........
##.5§.#....5....
#...@h#.........
#.###.#5.......... #
#.......†......... #
#####..##.........
###############.###.........
................# #.........
.################ #.........
... .......... ####
.......$.


You could see Natasha and 2 crimson imps.

Vanquished Creatures
  An adder (D:2)
  A dart slug (D:1)
  3 ball pythons
  An endoplasm (D:2)
  2 hobgoblins (D:1)
  2 kobolds (D:1)
  A quokka (D:1)
  3 goblins
  3 rats
17 creatures vanquished.

Notes
Turn   | Place    | Note
-------+----------+-------------------------------------------
     0 | D:1      | greasedhog the Ogre Fighter began the quest for the Orb.
     0 | D:1      | Reached XP level 1. HP: 24/24 MP: 1/1
   216 | D:1      | Reached XP level 2. HP: 25/33 MP: 2/2
   785 | D:2      | Reached XP level 3. HP: 38/41 MP: 3/3
   980 | D:2      | Noticed Natasha
  1004 | D:2      | Slain by Natasha

Illustrated notes

Levels and vault maps discovered:
D:1:      dpeg_arrival_concentric_ovals, layout_basic
D:2:      layout_basic, uniq_natasha

Skill      XL: |  1 |
---------------+----+-----
Maces & Flails | 2 |  2.5
Fighting       | |  4.8
Dodging        | |  2.6
Shields        | |  3.0

Action                     || total
---------------------------++-------
  Melee: Flail             ||    57
 Armour: Robe              ||    14
  Dodge: Dodged            ||    16
  Block: Kite shield       ||    30

Table legend: (Time is in decaauts)
 A = Elapsed time spent in this place.
 B = Non-inter-level travel time spent in this place.
 C = Inter-level travel time spent in this place.
 D = Time resting spent in this place.
 E = Time spent auto-exploring this place.
 F = Levels seen in this place.
 G = Mean time per level.
                   A        B        C        D        E       F      G
               +--------+--------+--------+--------+--------+-----+--------+
         Total |   1027 |    946 |     81 |      5 |    762 |   2 |  513.5 |
       Dungeon |   1027 |    946 |     81 |      5 |    762 |   2 |  513.5 |
               +--------+--------+--------+--------+--------+-----+--------+

Top non-repeatable levels by time:
     D:1: 762 daAuts
     D:2: 265 daAuts
